 Dungeon Crawl Stone Soup version 0.26.1-11-gd32895ea62 (webtiles) character file.

Game seed: 17390267350432554081

25 wafflestompin the Sneak (level 2, 0/14 HPs)
             Began as a Spriggan Enchanter on May 15, 2021.
             Killed from afar by a dart slug (4 damage)
             ... with a slug dart
             ... on level 1 of the Dungeon.
             The game lasted 00:07:42 (1184 turns).

wafflestompin the Sneak (Spriggan Enchanter)        Turns: 1184, Time: 00:07:43

Health: 0/14       AC:  2    Str:  4    XL:     2   Next: 86%
Magic:  6/6        EV: 18    Int: 16    God:
Gold:   33         SH:  0    Dex: 16    Spells: 5/6 levels left

rFire    . . .     SeeInvis +   a - +1 dagger
rCold    . . .     Faith    .   (shield restricted)
rNeg     . . .     Spirit   .   b - +0 robe
rPois    .         Reflect  .   (helmet restricted)
rElec    .         Harm     .   (no cloak)
rCorr    .         Rampage  .   (gloves unavailable)
Will     .....                  (boots unavailable)
Stlth    +++.......             (no amulet)
HPRegen  0.04/turn              (no ring)
MPRegen  0.10/turn              (no ring)

@: very quick
A: very small, unfitting armour, see invisible, speed 3
a: no special abilities


You were on level 1 of the Dungeon.
You visited 1 branch of the dungeon, and saw 1 of its levels.

You collected 33 gold pieces.

Inventory:

Hand Weapons
 a - a +1 dagger (weapon)
 e - a +0 spear
Missiles
 c - 17 poisoned darts (quivered)
 f - 20 sling bullets
Armour
 b - a +0 robe (worn)
Jewellery
 g - an uncursed amulet of regeneration {unknown}
 j - an uncursed amulet of reflection {unknown}
Scrolls
 d - a scroll of teleportation {unknown}
 h - 3 scrolls of identify {unknown}
 i - a scroll of remove curse {unknown}


   Skills:
 * Level 0.3 Fighting
 * Level 1.6 Short Blades
 * Level 3.2 Dodging
 * Level 4.9 Stealth
 + Level 2.7 Spellcasting
 * Level 4.2 Hexes


You had 5 spell levels left.
You knew the following spells:

 Your Spells              Type           Power        Failure   Level
a - Corona                Hex            16%          3%          1

Your spell library contained the following spells:

 Spells                   Type           Power        Failure   Level
 Confusing Touch          Hex            15%          11%         3
 Tukima's Dance           Hex            15%          11%         3
 Ensorcelled Hibernation  Hex/Ice        16%          12%         2
 Dazzling Flash           Conj/Hex       16%          24%         3


Dungeon Overview and Level Annotations

Branches:
Dungeon (1/15)

Altars:


Innate Abilities, Weirdness & Mutations

You are very small and have problems with some larger weapons.
You are too small for most types of armour.
You have supernaturally acute eyesight. (SInv)
You cover ground extremely quickly.


Message History

The ooze is severely wounded.
Throw: 20 darts (poison)
Press: ? - help, Q - select action, (/) - cycle Shift-Dir - straight line, f/p - ooze
Aim: an ooze (severely wounded, 86% to hit)
You throw a poisoned dart. The poisoned dart hits the ooze.
The ooze is severely wounded.
Throw: 19 darts (poison)
Press: ? - help, Q - select action, (/) - cycle Shift-Dir - straight line, f/p - ooze
Aim: an ooze (severely wounded, 86% to hit)
You throw a poisoned dart. The poisoned dart hits the ooze.
The ooze is severely wounded.
Throw: 18 darts (poison)
Press: ? - help, Q - select action, (/) - cycle Shift-Dir - straight line, f/p - ooze
Aim: an ooze (severely wounded, 86% to hit)
You throw a poisoned dart. The poisoned dart hits the ooze.
The ooze is poisoned.
The ooze is severely wounded.
The dart slug launches a dart at you. The slug dart hits you.
You die...

...
........................
#..#
##.####.#.###............
#... .........#
#.#####..#### #..
#.####.#.# #.# ##)## #
#..###.####.#.###.# #..#
# #$.......J.....##.#
##.###
#...##.####.#..##.# #..##
#......####.#.(##.# ##.##
##..........@.....# #..#
#[.#######.#####.# ##.#
#..# #w# #.# #.. #..# #.#
#.# ##. #..# #(# ##. #..#
#.# #.. #..# #.# ### #).
#(# #.# #.# #w#
#.#######.#


You could see a dart slug.

Vanquished Creatures
  2 leopard geckos (D:1)
  5 bats (D:1)
  A giant cockroach (D:1)
  3 goblins (D:1)
  2 hobgoblins (D:1)
  3 jackals (D:1)
  2 kobolds (D:1)
  2 frilled lizards (D:1)
20 creatures vanquished.

Notes
Turn   | Place    | Note
-------+----------+-------------------------------------------
     0 | D:1      | wafflestompin the Spriggan Enchanter began the quest for
                  | the Orb.
     0 | D:1      | Reached XP level 1. HP: 9/9 MP: 5/5
   383 | D:1      | Reached XP level 2. HP: 10/13 MP: 3/6
  1184 | D:1      | Killed from afar by a dart slug

Illustrated notes

Levels and vault maps discovered:
D:1:      saegor_arrival_simple_e, layout_basic

Skill      XL: |  1 |
---------------+----+-----
Hexes          | 4 |  4.2
Fighting       | |  0.3
Short Blades   | |  1.6
Dodging        | |  3.2
Stealth        | |  4.9
Spellcasting   | |  2.7

Action                   || total
-------------------------++-------
Melee: Dagger            ||   133
Throw: Dart              ||    13
 Cast: Corona            ||     9
 Stab: Sleeping          ||     3
Armor: Robe              ||    14
Dodge: Dodged            ||   128
